 Dungeon Crawl Stone Soup version 0.26.0-18-gc5c842f807 (webtiles) character file.

Game seed: 3033552279358213879

78 thiole the Sneak (level 4, -1/27 HPs)
             Began as an Octopode Hedge Wizard on Jan 22, 2021.
             Slain by an orc wizard
             ... wielding a +0 dagger
              (6 damage)
             ... on level 3 of the Dungeon.
             The game lasted 00:02:54 (3029 turns).

thiole the Sneak (Octopode Hedge Wizard)            Turns: 3029, Time: 00:02:54

Health: -1/27      AC:  1    Str:  9    XL:     4   Next: 36%
Magic:  4/9        EV: 13    Int: 17    God:
Gold:   40         SH:  0    Dex: 11    Spells: 1/9 levels left

rFire    . . .     SeeInvis .   m - +3 dagger
rCold    . . .     Faith    .   (no shield)
rNeg     . . .     Spirit   .   b - +0 hat
rPois    .         Reflect  .   (no amulet)
rElec    .         Harm     .   (no ring)
rCorr    .         Rampage  .   (no ring)
Will     .....                  (no ring)
Stlth    +++.......             (no ring)
HPRegen  0.09/turn              (no ring)
MPRegen  0.11/turn              (no ring)
                                (no ring)
                                (no ring)

@: mighty
A: almost no armour, stealthy swim, amphibious, 8 rings, constrict 8, camouflage
1, gelatinous body 1
a: no special abilities


You were on level 3 of the Dungeon.
You visited 1 branch of the dungeon, and saw 3 of its levels.

You collected 40 gold pieces.

Inventory:

Hand Weapons
 m - a +3 dagger (weapon)
Armour
 b - a +0 hat (worn)
Scrolls
 c - a scroll of noise {unknown}
 e - 2 scrolls of remove curse {unknown}
 g - a scroll of identify {unknown}
 h - a scroll of immolation {unknown}
 j - a scroll of enchant armour {unknown}
 l - a scroll of magic mapping {unknown}
Potions
 d - 3 potions of curing
 i - a potion of berserk rage {unknown}
 k - a potion of brilliance {unknown}


   Skills:
 - Level 2.0 Dodging
 * Level 4.0 Stealth
 + Level 3.4 Spellcasting
 - Level 2.0 Conjurations
 - Level 2.0 Summonings
 - Level 1.0 Translocations
 * Level 0.5 Air Magic
 + Level 0.4 Poison Magic


You had one spell level left.
You knew the following spells:

 Your Spells              Type           Power        Failure   Level
a - Magic Dart            Conj           36%          8%          1
b - Call Imp              Summ           9%           11%         2
c - Blink                 Tloc           N/A          17%         2
d - Mephitic Cloud        Conj/Pois/Air  6%           32%         3

Your spell library contained the following spells:

 Spells                   Type           Power        Failure   Level
 Slow                     Hex            2%           26%         2
 Conjure Flame            Conj/Fire      6%           32%         3


Dungeon Overview and Level Annotations

Branches:
Dungeon (3/15)

Altars:


Innate Abilities, Weirdness & Mutations

You cannot wear most types of armour.
You are very stealthy in the water. (Stealth+)
You are amphibious.
You can wear up to eight rings at the same time.
You can use your tentacles to constrict eight enemies at once.
Your skin changes colour to match your surroundings (Stealth+).
Your rubbery body absorbs attacks. (AC +1, EV +1)


Message History

Unknown command.
The orc hits you with a +0 falchion!
The orc wizard gestures at itself while chanting.
The orc wizard flickers and vanishes!
Deactivating autopickup; reactivate with Ctrl-A.
The orc closely misses you.
In your confused state, you trip and fall back down the stairs.
The orc shouts!
The orc barely misses you. Something hits you.
* * * LOW HITPOINT WARNING * * *
It was a potion of curing.
You feel better. The orc hits you with a +0 hand axe.
The orc barely misses you. The orc hits you with a +0 falchion.
* * * LOW HITPOINT WARNING * * *
Something hits you.
* * * LOW HITPOINT WARNING * * *
It was a potion of might.
You feel very mighty all of a sudden. The orc misses you.
The orc closely misses you. x2; Something hits you.
You die...

.. ### ..
.!.###.
.....## .....#
#...#####B.
#...oSoo...
#..@#
#...oo{.#
#..)........
####...#####..
#.... ##.#. ..
. .# ..


You could see an adder, 5 orcs and a giant cockroach (wandering).

Vanquished Creatures
  2 adders (D:2)
  2 dart slugs
  4 leopard geckos (D:1)
  6 goblins
  6 hobgoblins
  2 jackals (D:2)
  11 kobolds
  A quokka (D:2)
  6 bats
  2 frilled lizards (D:2)
  10 rats
52 creatures vanquished.

Notes
Turn   | Place    | Note
-------+----------+-------------------------------------------
     0 | D:1      | thiole the Octopode Hedge Wizard began the quest for the
                  | Orb.
     0 | D:1      | Reached XP level 1. HP: 11/11 MP: 4/4
   177 | D:1      | Reached XP level 2. HP: 17/17 MP: 0/6
   180 | D:1      | Learned a level 2 spell: Call Imp
   183 | D:1      | Learned a level 2 spell: Blink
   292 | D:1      | Reached skill level 3 in Stealth
   850 | D:1      | Reached XP level 3. HP: 21/21 MP: 1/7
  2050 | D:2      | Learned a level 3 spell: Mephitic Cloud
  2069 | D:2      | Reached XP level 4. HP: 27/27 MP: 6/9
  2862 | D:2      | Reached skill level 4 in Stealth
  3029 | D:3      | Slain by an orc wizard

Illustrated notes

Levels and vault maps discovered:
D:1:      mushboom_english_gardens, layout_loops_corners, grunt_decor_junction,
          minmay_misc_feat_square
D:2:      layout_basic, grunt_ministairs_3, hangedman_decor_clover_reticule,
          minmay_tetromino_s2
D:3:      layout_rooms, uniq_grinder, uniq_jessica

Skill      XL: |  1  2  3  4 |
---------------+-------------+-----
Stealth        | 3 4 |  4.0
Conjurations   | 2 |  2.0
Summonings     | 2 |  2.0
Dodging        | |  2.0
Spellcasting   | |  3.4
Translocations | |  1.0
Air Magic      | |  0.5
Poison Magic   | |  0.4

Action                   |  1- 3 |  4- 6 || total
-------------------------+-------+-------++-------
Melee: Dagger            |    35 |    20 ||    55
       Constrict         |    10 |     3 ||    13
       Tentacles         |     7 |     2 ||     9
 Cast: Magic Dart        |    74 |    29 ||   103
  Use: Potion            |       |     2 ||     2
Armor: Skin              |     3 |       ||     3
Dodge: Dodged            |    30 |    19 ||    49
